 Dungeon Crawl Stone Soup version 0.24.0-2-g5b39cebb1c (webtiles) character file.

Game seed: 14477157198354514448, levelgen mode: deterministic

19257 KamiKatze the Cleaver (level 12, -1/107 HPs)
             Began as a Hill Orc Fighter on Oct 29, 2019.
             Was an Elder of Qazlal.
             Slain by a black mamba (5 damage)
             ... on level 3 of the Lair of Beasts.
             The game lasted 00:38:52 (10521 turns).

KamiKatze the Cleaver (Hill Orc Fighter)           Turns: 10521, Time: 00:38:53

Health: -1/107     AC: 27    Str: 24    XL:     12   Next: 67%
Magic:  14/14      EV: 10    Int: 11    God:    Qazlal [****..]
Gold:   595        SH: 18    Dex: 10    Spells: 11/11 levels left

rFire    . . .     SeeInvis .   w - +2 trident (freeze)
rCold    + . .     Gourm    .   c - +0 shield
rNeg     . . .     Faith    .   b - +8 chain mail of Dishonesty {rPois}
rPois    +         Spirit   .   J - +1 hat {Int+3}
rElec    .         Reflect  .   v - +2 cloak
rCorr    .         Harm     .   u - +1 pair of gloves
MR       .....                  E - +2 pair of boots {Stlth+}
Stlth    ..........             o - amulet of the acrobat
HPRegen  0.27/turn              (no ring)
MPRegen  0.14/turn              k - ring of protection from cold

@: repel missiles
A: no striking features
a: Upheaval, Elemental Force, Renounce Religion


You were on level 3 of the Lair of Beasts.
You worshipped Qazlal.
Qazlal was greatly pleased with you.
You were not hungry.

You visited 3 branches of the dungeon, and saw 14 of its levels.

You collected 944 gold pieces.
You spent 349 gold pieces at shops.

Inventory:

Hand Weapons
 a - a +3 vampiric war axe
 w - a +2 trident of freezing (weapon)
 y - a +1 flail of crushing
 L - a +2 scimitar of flaming
Missiles
 e - 333 stones
 q - 45 poisoned darts (quivered)
 r - 16 boomerangs
 B - 2 silver boomerangs
 O - 5 javelins
Armour
 b - the +8 chain mail of Dishonesty (worn) {rPois}
   (You bought it in a shop on level 4 of the Dungeon)

   It protects you from poison.
 c - a +0 shield (worn)
 u - a +1 pair of gloves (worn)
 v - a +2 cloak (worn)
 E - a +2 pair of boots of stealth (worn)
 J - a +1 hat of intelligence (worn)
Jewellery
 k - a ring of protection from cold (right hand)
 o - an amulet of the acrobat (around neck)
 K - an uncursed ring of ice
Wands
 F - a wand of acid (6)
 H - a wand of enslavement (15)
 I - a wand of paralysis (4)
Scrolls
 g - 2 scrolls of amnesia
 j - 5 scrolls of identify
 l - 7 scrolls of teleportation
 n - a scroll of magic mapping
 p - 5 scrolls of remove curse
 x - 2 scrolls of immolation
 A - 4 scrolls of fog
Potions
 h - 3 potions of flight
 m - a potion of agility
 s - 2 potions of curing
 z - 2 potions of invisibility
 C - 6 potions of heal wounds
 M - a potion of berserk rage
Comestibles
 f - 23 rations


   Skills:
 + Level 10.4 Fighting
 * Level 14.8 Axes
 + Level 4.4 Armour
 + Level 6.8 Dodging
 * Level 12.9 Shields
 + Level 3.3 Invocations


You had 11 spell levels left.
You didn't know any spells.
Your spell library was empty.

Dungeon Overview and Level Annotations

Branches:
Dungeon (10/15)            Temple (1/1) D:5            Lair (3/6) D:9
  Swamp: Lair:2-4    Shoals: Lair:2-4     Snake: Lair:2-4    Spider: Lair:2-4
    Orc: D:9-12

Altars:
Ashenzari
Cheibriados
Dithmenos
Elyvilon
Fedhas
Gozag
Hepliaklqana
Kikubaaqudgha
Makhleb
Nemelex Xobeh
Okawaru
Qazlal
Ru
Sif Muna
Trog
Uskayaw
Vehumet
Wu Jian
Xom
Zin
The Shining One

Shops:
D:4 [(   D:8 }

Annotations:
D:4 3 runed translucent doors, 4FPSwarrior's ghost, amateur SpAs


Message History

* * * LOW HITPOINT WARNING * * *
The killer bee stings you but does no damage.
Unknown command.
You closely miss the basilisk. You block the black mamba's attack.
You block the killer bee's attack. The basilisk bites you!
* * * LOW HITPOINT WARNING * * *
You block the komodo dragon's attack.
The black mamba bites you but does no damage.
The killer bee misses you.
Unknown command.
You puncture the basilisk! You freeze the basilisk.
The basilisk is heavily wounded.
The black mamba bites you.
* * * LOW HITPOINT WARNING * * *
You block the basilisk's attack.
The killer bee is struck by lightning.
The killer bee stings you but does no damage.
The komodo dragon bites you!!
* * * LOW HITPOINT WARNING * * *
The black mamba bites you.
You die...

...###...## ....
....#.#..# #......
.....)...##.......
.^.........≈≈≈....
...........≈≈≈≈...
P........≈≈≈≈≈≈≈≈.
..........°§☼≈≈≈..
.........°y≈≈≈≈≈≈.
#........S@l≈≈≈≈≈.
..........†l≈≈≈≈≈.
..........≈○§≈≈≈..
......>.....≈≈≈≈..
........##P#.≈≈...
#.......P###≈.....
....
.........#..##....
....
#...P.............
....
..#####..........
...r


You could see a komodo dragon, a black mamba, a basilisk and a killer bee.

Vanquished Creatures
  Gastronok (D:8)
  Fannar (D:10)
  2 hydras (Lair:2)
  Erica (D:8)
  2 two-headed ogres (D:10)
  Pikel (D:7)
  Joseph (D:10)
  A black mamba (Lair:1)
  Psyche (D:7)
  4 spiny frogs (Lair:2)
  2 gargoyles (D:10)
  A kobold demonologist (D:9)
  2 komodo dragons
  A slime creature (D:9)
  A meliai zombie (D:10)
  3 hippogriffs
  Sigmund (D:3)
  A wyvern (D:9)
  A basilisk (Lair:1)
  A spriggan (D:7)
  10 yaks
  A hungry ghost (D:10)
  6 water moccasins
  4 porcupines
  3 slaves (D:7)
  4 orc warriors
  2 black bears
  4 ice beasts
  6 ogres
  2 phantoms
  10 wolves
  4 centaurs
  2 crocodiles (Lair:1)
  A big kobold (D:7)
  10 bullfrogs
  A wyvern zombie (D:8)
  4 scorpions
  A water moccasin skeleton (D:9)
  8 killer bees
  2 howler monkeys
  A bullfrog zombie (D:9)
  2 centaur zombies (D:8)
  5 crimson imps
  A quasit (D:9)
  3 jellies
  5 hounds
  4 orc priests
  Crazy Yiuf (D:2)
  3 bullfrog skeletons
  5 orc wizards
  3 centaur skeletons
  11 worker ants
  An iguana (D:8)
  A killer bee zombie (D:7)
  A hound zombie (D:6)
  A howler monkey zombie (D:7)
  A howler monkey skeleton (D:9)
  3 gnolls (D:4)
  13 adders
  2 shadow imps
  An adder skeleton (D:8)
  3 worms
  7 dart slugs
  6 leopard geckos
  20 orcs
  2 ball pythons
  4 giant cockroaches
  4 goblins
  9 hobgoblins
  9 jackals
  12 kobolds
  5 quokkas
  8 bats
  7 frilled lizards
  A leopard gecko skeleton (D:4)
  A quokka skeleton (D:6)
  13 rats
  5 plants (Lair:2)
298 creatures vanquished.

Vanquished Creatures (others)
  2 bullfrogs (D:8)
  2 fungi
4 creatures vanquished.

Grand Total: 302 creatures vanquished

Notes
Turn   | Place    | Note
-------+----------+-------------------------------------------
     0 | D:1      | KamiKatze the Hill Orc Fighter began the quest for the Orb.
     0 | D:1      | Reached XP level 1. HP: 19/19 MP: 1/1
    19 | D:1      | Reached skill level 3 in Axes
    19 | D:1      | Reached XP level 2. HP: 21/27 MP: 2/2
   215 | D:1      | Reached XP level 3. HP: 33/33 MP: 3/3
   796 | D:2      | Reached skill level 1 in Dodging
   796 | D:2      | Reached XP level 4. HP: 39/40 MP: 4/4
   887 | D:2      | Found a runed translucent door.
   888 | D:2      | Noticed Crazy Yiuf
  1211 | D:2      | Reached skill level 4 in Axes
  1617 | D:2      | Killed Crazy Yiuf
  1617 | D:2      | Reached XP level 5. HP: 34/46 MP: 5/5
  1684 | D:3      | Noticed Sigmund
  1702 | D:3      | Killed Sigmund
  1702 | D:3      | Reached skill level 5 in Axes
  1702 | D:3      | Reached skill level 5 in Shields
  1702 | D:3      | Reached XP level 6. HP: 27/53 MP: 6/6
  2494 | D:4      | Noticed a phantom
  2545 | D:4      | Killed a phantom
  2545 | D:4      | Reached skill level 6 in Axes
  2545 | D:4      | Reached XP level 7. HP: 50/60 MP: 7/7
  2666 | D:4      | Reached skill level 5 in Fighting
  2687 | D:4      | Noticed 4FPSwarrior's ghost (amateur SpAs)
  2692 | D:4      | Found a runed translucent gate.
  2692 | D:4      | Found a runed translucent gate.
  2693 | D:4      | Found a runed translucent gate.
  2833 | D:4      | Found Naarghepi's Antique Weapon Shop.
  3028 | D:4      | Reached skill level 7 in Axes
  3160 | D:4      | Found Punlei's Antique Armour Boutique.
  3223 | D:4      | Found a shimmering blue altar of Sif Muna.
  3389 | D:4      | Reached XP level 8. HP: 68/69 MP: 8/8
  3517 | D:5      | Entered Level 5 of the Dungeon
  3641 | D:5      | Found a radiant altar of Vehumet.
  3717 | D:5      | Found a staircase to the Ecumenical Temple.
  3727 | Temple   | Entered the Ecumenical Temple
  3941 | Temple   | Became a worshipper of Qazlal Stormbringer
  4556 | D:6      | Reached skill level 8 in Axes
  4684 | D:6      | Found a shimmering blue altar of Sif Muna.
  4686 | D:6      | Found a glowing silver altar of Zin.
  4687 | D:6      | Found a hide-covered altar of Uskayaw.
  4687 | D:6      | Found a shadowy altar of Dithmenos.
  4687 | D:6      | Found a snail-covered altar of Cheibriados.
  4687 | D:6      | Found a glowing golden altar of the Shining One.
  4687 | D:6      | Found a shimmering altar of Xom.
  5079 | D:7      | Noticed a spriggan baker
  5093 | D:7      | Killed a spriggan baker
  5093 | D:7      | Reached XP level 9. HP: 59/78 MP: 9/9
  5167 | D:7      | Reached skill level 9 in Axes
  5293 | D:7      | Reached * piety under Qazlal
  5584 | D:8      | Noticed Psyche
  5719 | D:8      | Noticed Pikel
  5752 | D:7      | Killed Pikel
  5752 | D:7      | Reached skill level 10 in Axes
  5783 | D:8      | Found Noggu's Gadget Shoppe.
  5784 | D:8      | Noticed Gastronok
  5806 | D:8      | Killed Gastronok
  5806 | D:8      | Reached skill level 11 in Axes
  5806 | D:8      | Reached skill level 10 in Shields
  5806 | D:8      | Reached XP level 10. HP: 24/88 MP: 10/10
  5841 | D:8      | Noticed Erica
  5916 | D:7      | Killed Psyche
  5916 | D:7      | Reached skill level 5 in Dodging
  6311 | D:8      | Killed Erica
  6311 | D:8      | Reached skill level 12 in Axes
  7088 | D:9      | Reached XP level 11. HP: 72/95 MP: 11/11
  7121 | D:9      | Reached ** piety under Qazlal
  7244 | D:9      | Noticed a sixfirhy
  7343 | D:9      | Found a white marble altar of Elyvilon.
  7343 | D:9      | Noticed a wizard
  7516 | D:4      | Bought a runed war axe for 169 gold pieces
  7551 | D:4      | Bought an ichor-stained chain mail for 180 gold pieces
  7563 | D:4      | Identified the +8 chain mail of Dishonesty {rPois} (You
                  | bought it in a shop on level 4 of the Dungeon)
  7655 | D:10     | Entered Level 10 of the Dungeon
  7864 | D:10     | Noticed a two-headed ogre
  7884 | D:10     | Killed a two-headed ogre
  7891 | D:10     | Reached skill level 13 in Axes
  8028 | D:10     | Noticed a two-headed ogre
  8041 | D:10     | Killed a two-headed ogre
  8120 | D:10     | Noticed Fannar
  8166 | D:10     | Killed Fannar
  8317 | D:10     | Reached *** piety under Qazlal
  8387 | D:10     | Noticed Joseph
  8400 | D:10     | Killed Joseph
  8593 | D:9      | Found a staircase to the Lair.
  8613 | Lair:1   | Entered Level 1 of the Lair of Beasts
  8857 | Lair:1   | Reached XP level 12. HP: 106/106 MP: 12/12
  8957 | Lair:1   | Reached skill level 14 in Axes
  9346 | Lair:2   | Reached skill level 10 in Fighting
  9355 | Lair:2   | Reached skill level 1 in Invocations
  9414 | Lair:2   | Noticed a seven-headed hydra
  9634 | Lair:2   | Noticed a seven-headed hydra
  9685 | Lair:2   | Killed a seven-headed hydra
  9948 | Lair:2   | Killed a seven-headed hydra
  9948 | Lair:2   | Reached **** piety under Qazlal
 10521 | Lair:3   | HP: 4/107 [komodo dragon (21)]
 10521 | Lair:3   | Slain by a black mamba

Levels and vault maps discovered:
D:1:      mrwooster_arrival_statue_2, layout_basic, minmay_pentomino_o4
D:2:      layout_loops_corners, st_stairs_3, uniq_crazy_yiuf_cottage
D:3:      layout_loops_ring, st_stairs_11, uniq_sigmund
D:4:      kennysheep_spiral_hall, layout_cave_pools, first_ration, serial_shops,
          shop, nicolae_shop_overgrown_old_shop, gammafunk_ghost_split, tgw_sif
D:5:      layout_loops_ring, minmay_temple_entry_poolview, basic_altar
D:6:      layout_rooms, grunt_temple_overflow_open
D:7:      layout_rooms, the_bakery
D:8:      layout_cave_pods, serial_shops, nicolae_shop_window_shopping,
          uniq_psyche, uniq_gastronok, uniq_pikel, uniq_erica
D:9:      hangedman_cross_cluster, layout_basic, lemuel_crystal_altar
D:10:     layout_cave_pods, uniq_fannar, uniq_joseph
Temple:   eino_temple_water
Lair:1:   layout_gridlike, grunt_megastairs_5
Lair:2:   layout_cave_pods, cheibrodos_lair_reptile_den
Lair:3:   regret_index_harrowing_hell_hive, layout_small_grid, basic_altar,
          wad_woods_03, infiniplex_staircase_pool

Skill      XL: |  1  2  3  4  5  6  7  8  9 10 11 12 |
---------------+-------------------------------------+-----
Axes           | 3 4 5 6 7 8 11 12 13 14 | 14.8
Fighting       | 4 5 6 8 9 10 | 10.4
Shields        | 4 5 6 7 10 12 | 12.9
Dodging        | 1 2 3 4 5 6 |  6.8
Invocations    | 3 |  3.3
Armour         | 4 |  4.4

Action                   |  1- 3 |  4- 6 |  7- 9 | 10-12 || total
-------------------------+-------+-------+-------+-------++-------
Melee: War axe           |    90 |   114 |   336 |   515 ||  1055
       Hand axe          |       |    78 |    55 |       ||   133
       Trident           |       |       |       |    57 ||    57
Throw: Stone             |     4 |       |    16 |     1 ||    21
       Dart              |       |       |       |     6 ||     6
Evoke: Wand              |       |       |       |     1 ||     1
  Use: Potion            |       |     1 |     1 |       ||     2
       Scroll            |       |     5 |     7 |     6 ||    18
  Eat: Chunk             |       |     6 |    11 |    12 ||    29
       Ration            |       |       |       |     2 ||     2
Armor: Scale mail        |    41 |    82 |    73 |    40 ||   236
       Chain mail        |       |       |    89 |   231 ||   320
Dodge: Dodged            |    55 |    60 |   143 |   232 ||   490
Block: Shield            |    60 |   101 |   240 |   518 ||   919
